 Dungeon Crawl Stone Soup version 0.28-a0-1038-g9c4cb8273d (webtiles) character file.

Game seed: 2123464541619487026

411 Longtemps the Covert (level 6, -14/39 HPs)
             Began as an Octopode Brigand on Dec 8, 2021.
             Demolished by a two-headed ogre (33 damage)
             ... on level 4 of the Dungeon.
             The game lasted 00:30:00 (5308 turns).

Longtemps the Covert (Octopode Brigand)             Turns: 5308, Time: 00:30:01

Health: -14/39     AC:  1    Str: 10    XL:     6   Next: 90%
Magic:  15/15      EV: 13    Int: 14    God:
Gold:   170        SH:  5    Dex: 17    Spells: 5/5 levels left

rFire   . . .      SeeInvis .   a - +3 dagger
rCold   . . .      Faith    .   (no shield)
rNeg    . . .      Spirit   .   (helmet restricted)
rPois   .          Reflect  +   j - amulet of reflection
rElec   +          Harm     .   n - ring of magical power
rCorr   .          Rampage  .   (no ring)
Will    .....                   (no ring)
Stlth   +++++.....              (no ring)
HPRegen 0.13/turn               (no ring)
MPRegen 0.14/turn               (no ring)
                                (no ring)
                                (no ring)

@: no status effects
A: almost no armour, amphibious, 8 rings, camouflage 1, gelatinous body 1,
(nimble swimmer 1), tentacles, agile 1, electricity resistance
a: no special abilities


You were on level 4 of the Dungeon.
You visited 1 branch of the dungeon, and saw 4 of its levels.

You collected 170 gold pieces.

Inventory:

Hand Weapons
 a - a +3 dagger (weapon)
 b - a +2 war axe of venom
Missiles
 d - 132 stones (quivered)
 k - 24 bolts
 p - 29 sling bullets
Jewellery
 g - an amulet of magic regeneration
 j - an amulet of reflection (around mantle)
 n - a ring of magical power (left tentacle)
Wands
 c - a wand of flame (30)
Scrolls
 l - a scroll of noise
 m - a scroll of enchant weapon
Potions
 e - a potion of mutation
 f - a potion of curing
 h - a potion of haste {unknown}
 i - a potion of flight {unknown}
 o - a potion of lignification {unknown}


   Skills:
 + Level 2.2 Fighting
 + Level 3.0 Short Blades
 + Level 4.6 Throwing
 + Level 1.5 Dodging
 + Level 8.2 Stealth
 - Level 0.3 Shields


You had 5 spell levels left.
You didn't know any spells.
Your spell library contained the following spells:

 Spells                   Type           Power      Damage    Failure   Level
 Frozen Ramparts          Ice            0%         1d2       65%         3
 Ice Form                 Ice/Tmut       0%         N/A       96%         4
 Summon Ice Beast         Ice/Summ       0%         N/A       96%         4


Dungeon Overview and Level Annotations

Branches:
Dungeon (4/15)
 Temple: D:4-7

Altars:
Dithmenos

Shops:
D:3 *   D:4 (


Innate Abilities, Weirdness & Mutations

You cannot wear most types of armour.
You are amphibious.
You can wear up to eight rings at the same time.
Your skin changes colour to match your surroundings (Stealth+).
Your rubbery body absorbs attacks. (AC +1, EV +1)
((You are camouflaged near water. (Stealth+)))
You have tentacles for arms and can constrict up to eight enemies at once.
You are agile. (Dex +2)
You are resistant to electric shocks. (rElec)


Message History

You hit the endoplasm.
The endoplasm is moderately wounded.
The endoplasm closely misses you.
You hit the endoplasm.
The endoplasm is almost dead.
The endoplasm freezes you.
You are frozen.
You hit the endoplasm but do no damage.
The endoplasm is almost dead.
The endoplasm freezes you.
You are frozen.
* * * LOW HITPOINT WARNING * * *
You hit the endoplasm.
You kill the endoplasm!
You start resting.
A two-headed ogre is nearby!
It was a potion of mutation.
You feel extremely strange.
You feel agile.
You feel insulated.
As you read the scroll labelled YXIR YTOTTAPSI, it crumbles to dust.
You hear a loud clanging noise!
It was a scroll of noise.
The two-headed ogre shouts in stereo!
You hear an angry hiss.
You hear a shout!
As you read the scroll labelled XYZATO RAWOL, it crumbles to dust.
It is a scroll of enchant weapon.
Your +2 dagger glows red for a moment.
As you read the scroll labelled AVIBLU YRCHEIQ, it crumbles to dust.
It is a scroll of identify.
f - a potion of curing Unknown command.
You don't know any spells.
Aiming: Throw Flame
Press: ? - help, Shift-Dir - straight line, f - two-headed ogre
Aim: a two-headed ogre, wielding two +0 giant clubs (85% to hit)
The puff of flame hits the two-headed ogre but does no damage.
The two-headed ogre hits you with a +0 giant club!
The two-headed ogre hits you with a +0 giant club.
You see here an iguana corpse.
The two-headed ogre hits you with a +0 giant club!!
Ouch! That really hurt!
You die...

#.......#..#####
#####......#
#.###### #.# #.#
#.# #.# #.# #@#
##### #O#
#...#####
#.###........
#.......#####
#.##.......#
#.##.......#
#.##..######
#......†.#
#(...((..#


You could see a two-headed ogre.

Vanquished Creatures
  A water moccasin skeleton (D:3)
  A jelly (D:4)
  2 orc priests
  A hound (D:4)
  An iguana (D:4)
  3 orc wizards (D:4)
  Ijyb (D:3)
  3 adders
  An ufetubus (D:4)
  An adder skeleton (D:4)
  2 dart slugs
  11 orcs
  8 ball pythons
  7 bats
  8 endoplasms
  A giant cockroach (D:3)
  7 hobgoblins
  A quokka (D:1)
  A frilled lizard (D:1)
  8 goblins
  8 kobolds
  2 rats
79 creatures vanquished.

Notes
Turn   | Place    | Note
-------+----------+-------------------------------------------
     0 | D:1      | Longtemps the Octopode Brigand began the quest for the Orb.
     0 | D:1      | Reached XP level 1. HP: 14/14 MP: 1/1
   263 | D:1      | Reached XP level 2. HP: 19/19 MP: 2/2
   302 | D:1      | You fall into a shaft and drop 1 floor!
   334 | D:2      | Reached skill level 6 in Stealth
   672 | D:2      | Reached XP level 3. HP: 24/24 MP: 3/3
  2152 | D:3      | Reached skill level 7 in Stealth
  2152 | D:3      | Reached XP level 4. HP: 29/29 MP: 4/4
  2274 | D:3      | Found a faded altar of an unknown god.
  2644 | D:3      | Noticed Ijyb
  2647 | D:3      | Killed Ijyb
  2648 | D:3      | Reached XP level 5. HP: 34/34 MP: 5/5
  2742 | D:3      | Found Denum's Assorted Antiques.
  2953 | D:4      | Noticed a two-headed ogre
  3815 | D:4      | Reached XP level 6. HP: 26/39 MP: 6/6
  4718 | D:4      | Reached skill level 8 in Stealth
  4948 | D:4      | Found Dovessir's Weapon Boutique.
  5015 | D:4      | Found a shadowy altar of Dithmenos.
  5294 | D:4      | Gained mutation: You are agile. (Dex +2) [potion of
                  | mutation]
  5294 | D:4      | Gained mutation: You are resistant to electric shocks.
                  | (rElec) [potion of mutation]
  5308 | D:4      | Demolished by a two-headed ogre

Illustrated notes

Levels and vault maps discovered:
D:1:      tarquinn_simple_flora_water_e, layout_loops_ring,
          hangedman_decor_growths, corner_web_ring
D:2:      layout_loops_ring
D:3:      layout_basic, shapermc_ecumenical_altar_starsandcircs, serial_shops,
          nicolae_shop_overgrown_old_shop, eino_tiny_chamber,
          hangedman_decor_riveting, uniq_ijyb
D:4:      layout_basic, nicolae_dithmenos_shadow_blocks, serial_shops,
          kennysheep_mini, hangedman_abyss_or_decor_stagger, st_stairs_7

Skill      XL: |  1  2  3  4  5  6 |
---------------+-------------------+-----
Stealth        | 6 7 8 |  8.2
Throwing       | 3 4 |  4.6
Short Blades   | 3 |  3.0
Fighting       | |  2.2
Dodging        | |  1.5
Shields        | |  0.3

Action                   |  1- 3 |  4- 6 || total
-------------------------+-------+-------++-------
Melee: Dagger            |    31 |    83 ||   114
       Tentacles         |     7 |    13 ||    20
       Constrict         |     7 |    16 ||    23
       War axe           |       |     2 ||     2
Throw: Dart              |    55 |    41 ||    96
       Stone             |       |    28 ||    28
Evoke: Wand              |       |     1 ||     1
  Use: Scroll            |       |     3 ||     3
       Potion            |       |     1 ||     1
 Stab: Sleeping          |     2 |    11 ||    13
Armor: Skin              |     7 |     4 ||    11
Dodge: Dodged            |    10 |    25 ||    35
Block: Other             |     3 |     9 ||    12

Table legend: (Time is in decaauts)
 A = Elapsed time spent in this place.
 B = Non-inter-level travel time spent in this place.
 C = Inter-level travel time spent in this place.
 D = Time resting spent in this place.
 E = Time spent auto-exploring this place.
 F = Levels seen in this place.
 G = Mean time per level.
                   A        B        C        D        E       F      G
               +--------+--------+--------+--------+--------+-----+--------+
         Total |   5287 |   5179 |    108 |   1396 |   2172 |   4 | 1321.8 |
       Dungeon |   5287 |   5179 |    108 |   1396 |   2172 |   4 | 1321.8 |
               +--------+--------+--------+--------+--------+-----+--------+

Top non-repeatable levels by time:
     D:3: 1686 daAuts
     D:4: 1470 daAuts
     D:1: 1160 daAuts
     D:2: 969 daAuts
